Map: Kairos Junction LE

Players

Timurleng - Winner!

  • Race: Protoss Protoss
  • League: Diamond
  • Spawn Location: 5:00

A.I. 1 (Very Easy)

  • Race: Zerg Zerg
  • Spawn Location: 11:00

VOD

Have the link to the VOD?

Description

Time

  • Played on: May 26, 2019, 3:21 p.m.
  • Length: 6:38
Show
View Real Time Build Order
Export as new Build Order

Timurleng Protoss - Winner!

Build Orders: 1 Gate Expand 

Get SALT Encoding   

  12  0:01  Probe  
  13  0:13  Probe  
  14  0:20  Pylon  
  14  0:25  Probe  
  15  0:34  Probe  
  15  0:41  Gateway  
  15  0:42  Probe  
  17  0:52  Assimilator  
  17  0:54  Probe  
  18  1:06  Probe  
  19  1:18  Probe  
  20  1:29  Nexus  
  20  1:39  Cybernetics Core  
  20  1:41  Probe  
  21  1:48  Assimilator  
  21  1:56  Pylon  
  21  1:57  Probe  
  22  2:05  Adept  
  22  2:09  Probe  
  25  2:16  Warp Gate  
  25  2:27  Robotics Facility  
  25  2:29  Probe  
  26  2:38  Stalker  
  26  2:41  Probe  
  26  2:42  Probe  
  30  2:49  Probe  
  30  2:50  Probe  
  30  2:57  Probe  
  30  2:58  Probe  
  34  3:07  Probe  
  34  3:08  Probe  
  34  3:09  Warp Prism  
  34  3:11  Gateway  
  38  3:26  Twilight Council  
  38  3:35  Immortal  
  38  3:45  Charge  
  42  3:52  Gateway  
  42  3:54  Gateway  
  42  4:07  Pylon  
  42  4:11  Pylon  
  42  4:14  Immortal  
  46  4:23  Gateway  
  46  4:26  Gateway  
  46  4:30  Gateway  
  46  4:34  Gateway  
  46  4:40  Zealot x2  
  46  4:45  Pylon  
  50  4:56  Zealot x2  
  54  5:06  Zealot x2  
  58  5:15  Pylon  
  58  5:18  Zealot x3  
  64  5:35  Zealot x3  
  64  5:36  Zealot x2  
  70  5:45  Pylon, Zealot  
  70  5:46  Zealot x2  
  70  5:47  Pylon  
  76  5:58  Zealot  
  78  6:05  Pylon  
  78  6:07  Pylon  
  78  6:13  Zealot x2  
  78  6:14  Zealot x4  
  90  6:24  Zealot x2  
Show
View Real Time Build Order
Export as new Build Order

A.I. 1 (Very Easy) Zerg 

Build Orders: Hatch First 

Get SALT Encoding   

  12  0:01  Drone  
  13  0:12  Overlord  
  13  0:16  Drone  
  14  0:43  Hatchery  
  14  0:45  Drone  
  14  1:05  Spawning Pool  
  14  1:06  Extractor  
  14  1:08  Drone  
  13  1:15  Drone  
  14  1:21  Overlord  
  14  1:51  Zergling x2  
  14  1:52  Queen  
  17  1:54  Zergling x2  
  17  1:58  Roach Warren  
  17  2:03  Drone  
  18  2:09  Extractor  
  18  2:12  Drone  
  18  2:17  Zergling x2  
  19  2:24  Drone  
  20  2:31  Drone  
  21  2:38  Drone  
  22  2:45  Drone  
  23  2:52  Drone  
  24  3:00  Drone  
  27  3:05  Roach  
  27  3:07  Drone  
  28  3:13  Overlord  
  28  3:18  Drone  
  29  3:25  Drone  
  30  3:31  Lair  
  30  3:33  Drone  
  31  3:45  Drone  
  32  3:52  Drone  
  32  3:53  Roach  
  35  3:59  Drone  
  35  4:02  Overlord  
  36  4:06  Drone  
  37  4:13  Drone  
  38  4:20  Drone  
  39  4:27  Drone  
  39  4:30  Overseer  
  40  4:32  Overseer  
  40  4:35  Drone  
  41  4:41  Ravager  
  41  4:42  Roach, Drone  
  41  4:43  Overlord  
  45  4:49  Drone  
  46  4:56  Drone  
  47  5:03  Extractor  
  47  5:04  Drone  
  47  5:08  Extractor  
  47  5:11  Drone  
  47  5:18  Drone  
  48  5:25  Drone  
  49  5:32  Drone  
  50  5:39  Zergling x2  
  50  5:40  Drone  
  45  5:47  Drone  
  45  5:49  Queen  
  43  5:54  Drone  
  34  6:02  Drone  
  29  6:09  Drone  
  28  6:16  Drone  
  27  6:23  Drone  
  11  6:29  Hatchery  
Tags
 
Add a new tag
Caveats
  • Supply blocks, unpowered buildings, or Contaminate may cause inaccurate times.
  • Supply counts are checked every 10 seconds.